 Dungeon Crawl Stone Soup version 0.22-a0-388-g09e6169d0a (webtiles) character file.

47 RaHiT the Magician (level 3, -3/28 HPs)
             Began as a Deep Dwarf Wizard on Apr 29, 2018.
             Killed from afar by an orc wizard (5 damage)
             ... with a puff of flame
             ... on level 3 of the Dungeon.
             The game lasted 00:16:52 (2147 turns).

RaHiT the Magician (Deep Dwarf Wizard)              Turns: 2147, Time: 00:16:52

Health: -3/28      AC:  0    Str: 10    XL:     3   Next: 48%
Magic:  3/7        EV: 18    Int: 19    God:
Gold:   104        SH:  0    Dex: 16    Spells: 3/8 levels left

rFire    . . .     SeeInvis .   (no weapon)
rCold    . . .     Gourm    .   (no shield)
rNeg     . . .     Faith    .   (no armour)
rPois    .         Spirit   .   b - +0 hat
rElec    .         Reflect  .   (no cloak)
rCorr    .         Harm     .   (no gloves)
MR       +....                  (no boots)
Stlth    +++.......             h - amulet of the acrobat
HPRegen  0.00/turn              o - ring of protection from magic
MPRegen  0.10/turn              (no ring)

@: agile, non-regenerating
A: damage resistance, heal wounds, sense surroundings 1, no regeneration
a: Heal Wounds


You were on level 3 of the Dungeon.
You were not hungry.

You visited 1 branch of the dungeon, and saw 3 of its levels.

You collected 104 gold pieces.

Inventory:

Armour
 a - a +0 robe
 b - a +0 hat (worn)
 v - a +4 ring mail
Jewellery
 h - an amulet of the acrobat (around neck)
 o - a ring of protection from magic (left hand)
Scrolls
 e - a scroll of amnesia
 i - a scroll of fog {unknown}
 j - a scroll of fear {unknown}
 n - a scroll of teleportation {unknown}
 q - a scroll of immolation {unknown}
 t - a scroll of identify {unknown}
Potions
 c - a potion of agility
 f - 2 potions of heal wounds {unknown}
 g - a potion of lignification {unknown}
 k - a potion of haste {unknown}
 m - a potion of curing {unknown}
 s - a potion of invisibility {unknown}
 u - a potion of cancellation {unknown}
Comestibles
 d - 2 rations
 l - 2 chunks of flesh


   Skills:
 - Level 2.1 Dodging
 - Level 2.4 Stealth
 - Level 3.0 Spellcasting
 + Level 2.8 Conjurations
 - Level 0.8 Summonings
 - Level 1.1 Translocations


You had 3 spell levels left.
You knew the following spells:

 Your Spells              Type           Power        Failure   Level  Hunger
a - Magic Dart            Conj           ##..         4%          1    None
b - Call Imp              Summ           #.......     16%         2    ##.....
c - Blink                 Tloc           N/A          14%         2    ##.....


Dungeon Overview and Level Annotations

Branches:
Dungeon (3/15)

Altars:


Innate Abilities, Weirdness & Mutations

You are resistant to damage.
You can heal yourself by infusing magical energy.
You passively map a small area around you.
You do not regenerate.


Message History

Confirm with . or Enter, or press ? or * to list all spells.
Aiming: Magic Dart (safe; 4% risk of failure)
Press: ? - help, Shift-Dir - straight line, f/p - orc wizard
Aim: an orc wizard, wielding a dagger and wearing a robe (moderately wounded)
The magic dart hits the orc wizard.
The orc wizard is moderately wounded.
The orc wizard points at you and mumbles some strange words.
The puff of flame hits you!
* * * LOW HITPOINT WARNING * * *
The orc moves out of view.
Casting: Magic Dart (safe; 4% risk of failure)
Confirm with . or Enter, or press ? or * to list all spells.
Okay, then.
The orc wizard casts a spell at you. The puff of frost misses you.
It was a potion of agility.
You feel agile all of a sudden.
The orc wizard gestures at you while chanting.
The puff of flame hits you!
You die...

.# *.# .. * #.# *
####.#. , #.# *
$....., ,
####.######## * ...!.
, ##.....#.....##*
o..#,,
##.............## o..
#...............###o#*
#.............@.oo..#
, *
#.<......)......#####
, #...............#
#...............#
##..<).........##
##.....#.....##
#############


You could see an orc wizard and 2 orcs.

Vanquished Creatures
  An adder (D:2)
  A leopard gecko (D:2)
  A ball python (D:2)
  4 goblins
  3 hobgoblins
  10 kobolds
  A quokka (D:2)
  8 bats
  4 frilled lizards
  3 rats
36 creatures vanquished.

Vanquished Creatures (collateral kills)
  An adder (D:2)
  2 hobgoblins (D:1)
3 creatures vanquished.

Grand Total: 39 creatures vanquished

Notes
Turn   | Place    | Note
-------+----------+-------------------------------------------
     0 | D:1      | RaHiT the Deep Dwarf Wizard began the quest for the Orb.
     0 | D:1      | Reached XP level 1. HP: 15/15 MP: 4/4
    74 | D:1      | Reached skill level 1 in Conjurations
   686 | D:1      | Reached XP level 2. HP: 22/22 MP: 2/5
   759 | D:1      | Learned a level 2 spell: Call Imp
   831 | D:1      | Reached skill level 3 in Spellcasting
   919 | D:1      | Learned a level 2 spell: Blink
  1616 | D:2      | Reached XP level 3. HP: 26/28 MP: 4/7
  2147 | D:3      | Killed from afar by an orc wizard

Vault maps used:
D:1:      tarquinn_simple_flora_water_d
D:3:      first_ration, uniq_ijyb

Skill      XL: |  1  2 |
---------------+-------+-----
Conjurations   | 1 2 |  2.8
Spellcasting   | 3 |  3.0
Dodging        | |  2.1
Stealth        | |  2.4
Summonings     | |  0.8
Translocations | |  1.1

Action                   || total
-------------------------++-------
 Cast: Magic Dart        ||    77
       Call Imp          ||     5
       Blink             ||     1
  Use: Scroll            ||     3
       Potion            ||     1
  Eat: Chunk             ||     4
Armor: Robe              ||     7
Dodge: Dodged            ||    22

Table legend:
 A = Spawn XP
 B = Non-spawn XP
 C = Spawn XP percentage of total XP
 D = Spawn monster count
 E = Non-spawn monster count
 F = Spawn count percentage of total count
 G = Total turns spent on level
                    A         B        C        D         E        F      G
               +---------+---------+-------+---------+---------+-------+---------
         Total |       0 |      68 |   0.0 |       0 |      39 |   0.0 |  2147
               +---------+---------+-------+---------+---------+-------+---------
           D:1 |       0 |      30 |   0.0 |       0 |      21 |   0.0 |  1348
           D:2 |       0 |      35 |   0.0 |       0 |      15 |   0.0 |   757
           D:3 |       0 |       3 |   0.0 |       0 |       3 |   0.0 |    42
               +---------+---------+-------+---------+---------+-------+---------
